 Dungeon Crawl Stone Soup version 0.29.1-15-g9cfb28693d (webtiles) character file.

Game seed: 11936835497833679036

2 leafyfresh the Sneak (level 1, -1/16 HPs)
             Began as an Octopode Delver on Mar 5, 2023.
             Was an Initiate of Ashenzari.
             Slain by an orc
             ... wielding a +0 mace
              (7 damage)
             ... on level 5 of the Dungeon.
             The game lasted 00:00:25 (95 turns).

leafyfresh the Sneak (Octopode Delver)                Turns: 95, Time: 00:00:26

Health: -1/16      AC:  1    Str: 11    XL:     1   Next: 30%
Magic:  1/1        EV: 13    Int: 12    God:    Ashenzari [......]
Gold:   0          SH:  0    Dex: 13    Spells: 0/0 levels left

rFire   . . .      SeeInvis .   a - +0 short sword
rCold   . . .      Faith    .   (no shield)
rNeg    . . .      Spirit   .   (helmet restricted)
rPois   .          Reflect  .   (no amulet)
rElec   .          Harm     .   (no ring)
rCorr   .          Rampage  .   (no ring)
Will    .....                   (no ring)
Stlth   ++++......              (no ring)
HPRegen 0.05/turn               (no ring)
MPRegen 0.07/turn               (no ring)
                                (no ring)
                                (no ring)

@: no status effects
A: almost no armour, amphibious, 8 rings, camouflage 1, gelatinous body 1,
(nimble swimmer 1), tentacles
a: Renounce Religion


You were on level 5 of the Dungeon.
You worshipped Ashenzari.
Ashenzari was noncommittal.
You visited 2 branches of the dungeon, and saw 2 of its levels.

Inventory:

Hand Weapons
 a - a +0 short sword (weapon)
Wands
 f - a wand of digging (3)
Scrolls
 b - a scroll of fog
 c - a scroll of magic mapping
 d - a scroll of fear
Potions
 e - a potion of haste


   Skills:
 + Level 3.0 Fighting
 - Level 2.0 Short Blades
 + Level 2.0 Dodging
 + Level 6.6 Stealth


You couldn't memorise any spells.
You didn't know any spells.
Your spell library was empty.

Dungeon Overview and Level Annotations

Branches:
Dungeon (5/15)             Temple (1/1) D:5

Altars:
Ashenzari
Fedhas
Makhleb
Nemelex Xobeh
Zin

Annotations:
D:5 Sigmund


Innate Abilities, Weirdness & Mutations

You cannot wear most types of armour.
You are amphibious.
You can wear up to eight rings at the same time.
Your skin changes colour to match your surroundings (Stealth+).
Your rubbery body absorbs attacks. (AC +1, EV +1)
((You are camouflaged when in or above water. (Stealth+)))
You have tentacles for arms and can constrict up to eight enemies at once.


Message History

The bush is lightly damaged.
You hit the plant.
The plant begins to die.
You grab the plant.
The plant is lightly damaged.
You constrict the plant.
You release your grip on the plant.
A nearby plant withers and dies.
There is a broken altar of Ashenzari here.
You curl up in front of the altar of Ashenzari.
Ashenzari welcomes you!
Ashenzari warns you of distant threats and treasures.
Ashenzari reveals the structure of the dungeon to you.
Ashenzari shows you where magical portals lie.
There is an open gate here.
There is a staircase back to the Dungeon here.
You climb upwards.
Level annotation: Sigmund
There is a staircase to the Ecumenical Temple here.
Unknown command.
Unknown command.
An orc comes into view.
It is wielding a +0 hand axe. 2 orcs come into view.
The orc shouts!
An orc comes into view. It is wielding a +0 hand axe.
An orc comes into view. It is wielding a +0 mace.
The orc moves out of view.
The orc shouts! x2
The orc shouts!
You hit the orc but do no damage. You grab the orc. You squeeze the orc.
The orc is moderately wounded.
You constrict the orc, but do no damage.
The orc hits you with a +0 short sword. The orc closely misses you.
You hit the orc. You squeeze the orc.
You kill the orc!
The orc misses you. The orc hits you with a +0 hand axe.
You are too injured to fight recklessly!
You are too injured to fight recklessly!
Unknown command.
The orc attacks as you move away! The orc barely misses you.
The orc attacks as you move away! The orc barely misses you.
The orc attacks as you move away! The orc barely misses you.
The orc attacks as you move away! The orc hits you with a +0 mace!
You die...

......##.#.#.#.#.
......#....#.#.#...
#. #..#............
#.##....#.#.>.#.##.
#.#..##.#.#...#....
#.#.........#....#.
#......#.##.#.##.#.
#......#........[..
#.@o.#....##.#.#.#.
###oo#.##....#.#.#.
#o.......$.......
##.#.....####.###
...............>.
.###...........###
# #.######### # #.#
.#


You could see 4 orcs.

Vanquished Creatures
  An orc (D:5)
1 creature vanquished.

Vanquished Creatures (others)
  A plant (Temple)
1 creature vanquished.

Grand Total: 2 creatures vanquished

Notes
Turn   | Place    | Note
-------+----------+-------------------------------------------
     0 | D:5      | leafyfresh the Octopode Delver began the quest for the Orb.
     0 | D:5      | Reached XP level 1. HP: 16/16 MP: 1/1
     4 | D:5      | Found a staircase to the Ecumenical Temple.
     8 | D:5      | Noticed Sigmund
    19 | Temple   | Entered the Ecumenical Temple
    57 | Temple   | Became a worshipper of Ashenzari the Shackled
    95 | D:5      | Slain by an orc

Illustrated notes

Levels and vault maps discovered:
D:5:      layout_loops_ring, amethyst_overflow_temple_binary,
          nicolae_ru_awakened_eye, minmay_temple_entry_ruins, serial_shops,
          shop, gammafunk_ghost_gnarly_gnolls, minmay_chambers_of_fives,
          uniq_sigmund
Temple:   cyrus_temple_forest

Action                   || total
-------------------------++-------
Melee: Short sword       ||     6
       Tentacles         ||     3
       Constrict         ||     2
Dodge: Dodged            ||     5
